 Dungeon Crawl Stone Soup version 0.17.1-1-g73c8601 (webtiles) character file.

32 zhaorenw the Skirmisher (level 3, -1/30 HPs)
             Began as a Centaur Warper on Jan 4, 2016.
             Slain by Robin
             ... wielding a +1 short sword of protection
              (5 damage)
             ... on level 2 of the Dungeon.
             The game lasted 00:02:51 (1012 turns).

zhaorenw the Skirmisher (Centaur Warper)            Turns: 1012, Time: 00:02:51

Health: -1/30      AC:  4    Str: 12    XL:     3   Next: 10%
Magic:  4/4        EV:  9    Int: 12    God:
Gold:   73         SH:  0    Dex:  8    Spells: 2 memorised, 2 levels left

rFire  . . .     SeeInvis .     a - +0 hand axe
rCold  + . .     Clarity  .     b - +0 leather armour
rNeg   . . .     SustAt   .     (no shield)
rPois  .         Gourm    .     (no helmet)
rElec  .         Spirit   .     (no cloak)
rCorr  .         Warding  .     (no gloves)
rMut   .         Stasis   .     (no barding)
MR     .....                    o - amulet of faith {Faith, !P}
Stlth  +.........               (no ring)
                                i - ring of protection from cold {rC+, !d}

@: very slightly contaminated, very quick, not resistant to hostile
enchantments, very unstealthy
A: hooves 3, camouflage 1, deformed body, speed 2, low mp 1, tough skin 3, weak
1
a: no special abilities


You were on level 2 of the Dungeon.
You were not hungry.

You visited 1 branch of the dungeon, and saw 2 of its levels.

You collected 73 gold pieces.

Inventory:

Hand Weapons
 a - a +0 hand axe (weapon)
 s - a +4 dagger
   (You took it off a kobold on level 2 of the Dungeon)
Missiles
 e - 5 tomahawks of dispersal {=f}
 l - 15 stones (quivered)
Armour
 b - a +0 leather armour (worn)
Jewellery
 i - a ring of protection from cold (left hand) {rC+, !d}
   (You found it on level 1 of the Dungeon)
 o - an amulet of faith (around neck) {Faith, !P}
   (You found it on level 1 of the Dungeon)
Scrolls
 n - a scroll of random uselessness {unknown}
 p - a scroll of enchant weapon {unknown}
 r - 2 scrolls of identify {unknown}
Potions
 j - a potion of heal wounds {unknown}
 k - a potion of ambrosia {unknown}
Books
 c - a book of Spatial Translocations
Comestibles
 f - a bread ration {@e1}
 g - 5 chunks of flesh {@w0}
 m - a royal jelly


   Skills:
 + Level 2.8 Fighting
 + Level 2.6 Axes
 - Level 1.1 Throwing
 - Level 0.6 Armour
 - Level 1.3 Dodging
 - Level 1.5 Spellcasting
 - Level 2.6 Translocations


You had 2 spell levels left.
You knew the following spells:

 Your Spells              Type           Power        Failure   Level  Hunger
b - Blink                 Tloc           N/A          21%         2    ###....
g - Apportation           Tloc           #.........   14%         1    ##.....


Dungeon Overview and Level Annotations

Branches:
Dungeon (2/15)

Altars:

Annotations:
D:2 Robin


Innate Abilities, Weirdness & Mutations

You have hooves in place of feet.
Armour fits poorly on your strangely shaped body.
You cover ground very quickly.
You have extremely tough skin (AC +3).
Your skin changes colour to match your surroundings (Stealth).
Your magical capacity is low (-10% MP).
You are weak. (Str -2)


Message History

A goblin and Robin come into view.
Robin shouts!
The goblin shouts!
You hit the hobgoblin. The hobgoblin barely misses you.
Robin roars a battlecry!
The goblins go into a battle-frenzy!
You closely miss the hobgoblin.
The hobgoblin hits you but does no damage.
A goblin comes into view. It is wielding a club.
You hit the hobgoblin but do no damage.
You kick the hobgoblin, but do no damage.
The hobgoblin closely misses you.
You barely miss the hobgoblin. Your kick misses the hobgoblin.
The hobgoblin hits you with a club.
You take 1 damage, and have 24/25 hp.
You barely miss the hobgoblin. Your kick misses the hobgoblin.
The hobgoblin hits you with a club. Robin throws the goblin at you!
You hit the hobgoblin but do no damage. You kick the hobgoblin.
You closely miss the goblin. The goblin hits you but does no damage.
The hobgoblin hits you with a club. The goblin hits you but does no damage.
You take 2 damage, and have 22/25 hp.
You hit the hobgoblin.
You kill the hobgoblin!
You hit the goblin. The goblin closely misses you.
You hit the goblin. You barely miss the goblin. The goblin closely misses you.
The goblin hits you but does no damage.
Unknown command.
You hit the goblin but do no damage. Your kick misses the goblin.
You hit the goblin.
You kill the goblin!
You have reached level 3!
Your experience leads to an increase in your attributes!
Increase (S)trength, (I)ntelligence, or (D)exterity?
You feel stronger. The goblin closely misses you. x2
You regained 5 hp, and now have 27/30 hp.
MP restored: 5 Unknown command.
You barely miss the goblin. You completely miss the goblin.
The goblin hits you. The goblin hits you with a dagger.
You take 3 damage, and have 24/30 hp.
You hit the goblin. Your kick misses the goblin.
You hit the goblin but do no damage. The goblin barely misses you.
The goblin completely misses you.
You hit the goblin but do no damage. You completely miss the goblin.
The goblin hits you but does no damage. The goblin hits you with a dagger.
The goblin hits you.
You take 6 damage, and have 18/30 hp.
You barely miss the goblin. You kick the goblin.
You kill the goblin!
You barely miss the goblin. The goblin hits you but does no damage.
Unknown command.
You closely miss the goblin. The goblin barely misses you.
You hit the goblin. The goblin hits you but does no damage.
The goblin barely misses you.
You closely miss the goblin. Your kick misses the goblin.
Robin throws the goblin at you! The goblin hits you with a dagger.
The goblin hits you with a club.
* * * LOW HITPOINT WARNING * * *
You take 9 damage, and have 9/30 hp.
MASSIVE DAMAGE!!
You miss the goblin. You hit the goblin.
You kill the goblin!
The goblin hits you with a club.
* * * LOW HITPOINT WARNING * * *
You take 6 damage, and have 3/30 hp.
Unknown command.
Drink which item? (? for menu, Esc to quit)
Okay, then.
Read which item? (? for menu, Esc to quit)
Really read
d - a scroll of blinking {!r}?
Blink to where?
You are very lightly contaminated with residual magic.
As you read the scroll of blinking {!r}, it crumbles to dust.
There is an open door here.
Drink which item? (? for menu, Esc to quit)
It was a potion of mutation.
You feel extremely strange.
You feel less energetic.
You feel weaker.
Your skin functions as natural camouflage.
You now have 4/4 mp.
Drink which item? (? for menu, Esc to quit)
It was a potion of curing.
You feel better. The goblin closely misses you.
You regained 7 hp, and now have 11/30 hp.
You barely miss the goblin. Your kick misses the goblin.
Robin roars a battlecry!
The goblin goes into a battle-frenzy!
The goblin barely misses you.
You completely miss the goblin. Your kick misses the goblin.
You closely miss Robin.
Robin hits you with a short sword of protection!
* * * LOW HITPOINT WARNING * * *
The goblin hits you but does no damage.
You take 7 damage, and have 4/30 hp.
MASSIVE DAMAGE!!
You closely miss Robin. You hit the goblin.
You kill the goblin!
Robin hits you but does no damage.
You closely miss Robin. Robin hits you but does no damage.
Robin hits you with a short sword of protection.
You die...

#.......# #.#
#.......# #.#
#.......# #.#
#.......# #.#
#.......# #)#
#.......###########g#
##................##.#
.'................##.#
##..............@)'(.#
#...............g####
#####'############ #.#
#.# #.# #.# #.# #.#


You could see Robin.

Vanquished Creatures
  5 bats
  2 giant cockroaches
  11 goblins
  3 hobgoblins
  2 giant newts (D:1)
  5 kobolds
  2 rats (D:1)
30 creatures vanquished.

Notes
Turn   | Place    | Note
--------------------------------------------------------------
     0 | D:1      | zhaorenw the Centaur Warper began the quest for the Orb.
     0 | D:1      | Reached XP level 1. HP: 17/17 MP: 3/3
   190 | D:1      | Reached skill level 2 in Axes
   295 | D:1      | Reached XP level 2. HP: 25/25 MP: 4/4
   672 | D:1      | Learned a level 2 spell: Blink
   985 | D:2      | Noticed Robin
   994 | D:2      | Reached XP level 3. HP: 26/30 MP: 5/5
  1002 | D:2      | HP: 3/30 [goblin/club[Robin] (6)]
  1006 | D:2      | Gained mutation: Your magical capacity is low (-10% MP). [potion of mutation]
  1006 | D:2      | Gained mutation: You are weak. (Str -2) [potion of mutation]
  1006 | D:2      | Gained mutation: Your skin changes colour to match your surroundings (Stealth). [potion of mutation]
  1010 | D:2      | HP: 4/30 [Robin/short sword of protection (7)]
  1012 | D:2      | Slain by Robin

Action                   || total
-------------------------++-------
Melee: Hand axe          ||    96
  Use: Potion            ||     2
       Scroll            ||     1

Vault maps used:
D:1:      lemuel_arrival_room
D:2:      makhleb_heckhound_becter, uniq_robin

Table legend:
 A = Turns spent in this place as a percentage of turns spent in the entire game.
 B = Non-inter-level travel turns spent in this place as a percentage of non-inter-level travel turns spent in the entire game.
 C = Inter-level travel turns spent in this place as a percentage of turns spent in this place.
 D = Turns resting spent in this place as a percentage of non-inter-level travel turns spent in this place.
 E = Turns spent auto-exploring this place as a percentage of non-inter-level travel turns spent in this place.
 F = Non-inter-level travel turns spent in this place divided by the number of levels of this place that you've seen.
                   A       B       C       D       E      F
               +-------+-------+-------+-------+-------+----------------------
         Total | 100.0 | 100.0 |   0.2 |   0.9 |   7.3 | 218.0
       Dungeon | 100.0 | 100.0 |   0.2 |   0.9 |   7.3 | 218.0
               +-------+-------+-------+-------+-------+----------------------

Table legend:
 A = Kills in this place as a percentage of kills in entire the game.
 B = Kills by you in this place as a percentage of kills by you in the entire game.
 C = Kills by friends in this place as a percentage of kills by friends in the entire game.
 D = Other kills in this place as a percentage of other kills in the entire game.
 E = Experience gained in this place as a percentage of experience gained in the entire game.
 F = Experience gained in this place divided by the number of levels of this place that you have seen.
                   A       B       C       D       E      F
               +-------+-------+-------+-------+-------+----------------------
         Total | 100.0 | 100.0 |  -nan |  -nan | 100.0 |  23.5
       Dungeon | 100.0 | 100.0 |  -nan |  -nan | 100.0 |  23.5
               +-------+-------+-------+-------+-------+----------------------
